[gd_scene load_steps=12 format=3 uid="uid://cs07fo5nyv3d4"]

[ext_resource type="Script" uid="uid://6akek6tui2ao" path="res://scenes/menus/main_menu/main_menu.gd" id="1_gm7d7"]
[ext_resource type="Texture2D" uid="uid://qwqg6hcco5j3" path="res://assets/gui/main_menu.png" id="2_peecx"]
[ext_resource type="Texture2D" uid="uid://bwx3apf53w0kh" path="res://assets/gui/main_menu_icon.png" id="3_ub2bi"]
[ext_resource type="Texture2D" uid="uid://c5e7ogoisbrp5" path="res://assets/gui/game_menu.png" id="3_x31ro"]
[ext_resource type="Theme" uid="uid://rp58fcll4m04" path="res://resources/main_theme.tres" id="4_peecx"]
[ext_resource type="PackedScene" uid="uid://co8amjcmk43k1" path="res://scenes/menus/main_menu/load_save/load_save.tscn" id="6_qwqm5"]
[ext_resource type="PackedScene" uid="uid://bbta154yvj070" path="res://scenes/menus/main_menu/options.tscn" id="7_q0yg5"]
[ext_resource type="PackedScene" uid="uid://dhetaxtj5xvwk" path="res://scenes/menus/main_menu/picture_box.tscn" id="8_88r3n"]
[ext_resource type="PackedScene" uid="uid://dr0kwav47k5ra" path="res://scenes/menus/main_menu/music_box.tscn" id="9_dc6ug"]
[ext_resource type="PackedScene" uid="uid://csk5g3yxfnav8" path="res://scenes/menus/main_menu/portfolio.tscn" id="10_3nv00"]
[ext_resource type="PackedScene" uid="uid://g6ci2aa67ivl" path="res://scenes/menus/main_menu/disclaimer.tscn" id="11_8xfgt"]

[node name="MainMenu" type="Control"]
layout_mode = 3
anchors_preset = 15
anchor_right = 1.0
anchor_bottom = 1.0
grow_horizontal = 2
grow_vertical = 2
script = ExtResource("1_gm7d7")

[node name="BG" type="Control" parent="."]
layout_mode = 1
anchors_preset = 15
anchor_right = 1.0
anchor_bottom = 1.0
grow_horizontal = 2
grow_vertical = 2

[node name="BG1" type="TextureRect" parent="BG"]
layout_mode = 1
anchors_preset = 15
anchor_right = 1.0
anchor_bottom = 1.0
grow_horizontal = 2
grow_vertical = 2
texture = ExtResource("2_peecx")

[node name="BG2" type="TextureRect" parent="BG"]
visible = false
layout_mode = 1
anchors_preset = 15
anchor_right = 1.0
anchor_bottom = 1.0
grow_horizontal = 2
grow_vertical = 2
texture = ExtResource("3_x31ro")

[node name="Splash" type="TextureRect" parent="BG"]
layout_mode = 1
anchors_preset = 15
anchor_right = 1.0
anchor_bottom = 1.0
offset_left = 1.0
offset_top = -10.0
offset_right = 445.0
offset_bottom = 166.0
grow_horizontal = 2
grow_vertical = 2
scale = Vector2(0.811765, 0.811765)
texture = ExtResource("3_ub2bi")
metadata/_edit_use_anchors_ = true

[node name="MainButtons" type="Control" parent="."]
layout_mode = 1
anchors_preset = 15
anchor_right = 1.0
anchor_bottom = 1.0
offset_top = 701.0
grow_horizontal = 2
grow_vertical = 2

[node name="Buttons" type="GridContainer" parent="MainButtons"]
layout_mode = 1
anchors_preset = 8
anchor_left = 0.5
anchor_top = 0.5
anchor_right = 0.5
anchor_bottom = 0.5
grow_horizontal = 2
grow_vertical = 2
theme_override_constants/h_separation = 50
theme_override_constants/v_separation = 20
columns = 4

[node name="NewGame" type="Button" parent="MainButtons/Buttons"]
custom_minimum_size = Vector2(262, 0)
layout_mode = 2
size_flags_horizontal = 3
size_flags_vertical = 3
theme = ExtResource("4_peecx")
text = "New Game"

[node name="LoadGame" type="Button" parent="MainButtons/Buttons"]
custom_minimum_size = Vector2(262, 0)
layout_mode = 2
theme = ExtResource("4_peecx")
text = "Load Game"

[node name="Options" type="Button" parent="MainButtons/Buttons"]
custom_minimum_size = Vector2(262, 0)
layout_mode = 2
size_flags_horizontal = 3
size_flags_vertical = 3
theme = ExtResource("4_peecx")
text = "Options"

[node name="Quit" type="Button" parent="MainButtons/Buttons"]
custom_minimum_size = Vector2(262, 0)
layout_mode = 2
theme = ExtResource("4_peecx")
text = "Quit Game"

[node name="PictureBox" type="Button" parent="MainButtons/Buttons"]
custom_minimum_size = Vector2(262, 0)
layout_mode = 2
theme = ExtResource("4_peecx")
text = "Picture Box"

[node name="MusicBox" type="Button" parent="MainButtons/Buttons"]
custom_minimum_size = Vector2(262, 0)
layout_mode = 2
theme = ExtResource("4_peecx")
text = "Music Box"

[node name="Portfolio" type="Button" parent="MainButtons/Buttons"]
custom_minimum_size = Vector2(262, 0)
layout_mode = 2
theme = ExtResource("4_peecx")
text = "Portfolio"

[node name="Disclaimer" type="Button" parent="MainButtons/Buttons"]
custom_minimum_size = Vector2(262, 0)
layout_mode = 2
theme = ExtResource("4_peecx")
text = "Disclaimer"

[node name="SubMenus" type="Control" parent="."]
visible = false
layout_mode = 1
anchors_preset = 15
anchor_right = 1.0
anchor_bottom = 1.0
grow_horizontal = 2
grow_vertical = 2

[node name="Load" parent="SubMenus" instance=ExtResource("6_qwqm5")]
visible = false
layout_mode = 1

[node name="Options" parent="SubMenus" instance=ExtResource("7_q0yg5")]
visible = false
layout_mode = 1

[node name="PictureBox" parent="SubMenus" instance=ExtResource("8_88r3n")]
visible = false
layout_mode = 1

[node name="MusicBox" parent="SubMenus" instance=ExtResource("9_dc6ug")]
visible = false
layout_mode = 1

[node name="Portfolio" parent="SubMenus" instance=ExtResource("10_3nv00")]
visible = false
layout_mode = 1

[node name="Disclaimer" parent="SubMenus" instance=ExtResource("11_8xfgt")]
visible = false
layout_mode = 1
